 Dungeon Crawl Stone Soup version 0.28.0-53-g5a82cb258f (webtiles) character file.

Game seed: 11505390730793994272

56 Gabide the Skirmisher (level 3, -5/30 HPs)
             Began as a Mummy Berserker on June 3, 2022.
             Was a Follower of Trog.
             Killed by divine providence
             ... invoked by an orc priest
              (9 damage)
             ... on level 2 of the Dungeon.
             The game lasted 00:04:07 (2826 turns).

Gabide the Skirmisher (Mummy Berserker)             Turns: 2826, Time: 00:04:08

Health: -5/30      AC:  2    Str: 22    XL:     3   Next: 69%
Magic:  3/3        EV: 12    Int:  6    God:    Trog [*.....]
Gold:   37         SH:  0    Dex: 11    Spells: 2/2 levels left

rFire   x . .      SeeInvis .     - Unarmed
rCold   + . .      Faith    .   (no shield)
rNeg    + + +      Spirit   .   a - +0 animal skin
rPois   ∞          Reflect  .   (no helmet)
rElec   .          Harm     .   (no cloak)
rCorr   .          Rampage  .   (no gloves)
Will    .....                   (no boots)
Stlth   +.........              (no amulet)
HPRegen 0.10/turn               (no ring)
MPRegen 0.08/turn               (no ring)

@: no status effects
A: cold resistance 1, negative energy resistance 3, torment resistance 2, heat
vulnerability 1, no potions
a: Renounce Religion


You were on level 2 of the Dungeon.
You worshipped Trog.
Trog was aware of your devotion.
You visited 1 branch of the dungeon, and saw 2 of its levels.

You collected 37 gold pieces.

Inventory:

Missiles
 d - 54 stones
 f - 2 poisoned darts (quivered)
Armour
 a - a +0 animal skin (worn)
Scrolls
 b - a scroll of enchant weapon {unknown}
 c - a scroll of fog {unknown}
 e - a scroll of enchant armour {unknown}


   Skills:
 + Level 3.7 Fighting
 - Level 1.5 Armour
 + Level 2.2 Dodging
 + Level 3.0 Unarmed Combat


You had 2 spell levels left.
You didn't know any spells.
Your spell library was empty.

Dungeon Overview and Level Annotations

Branches:
Dungeon (2/15)

Altars:


Innate Abilities, Weirdness & Mutations

You are immune to poison.
Your flesh is cold resistant. (rC+)
You are immune to negative energy. (rN+++)
You are immune to unholy pain and torment.
You are vulnerable to heat. (rF-)
You do not drink.


Message History

You closely miss the orc priest. The orc priest misses you.
You completely miss the orc priest. The orc barely misses you.
The orc priest invokes the aid of Beogh against you.
Beogh smites you!
You hear a shout!
You hit the orc priest.
The orc priest is lightly wounded.
The orc hits you from afar with a +0 trident.
The orc priest closely misses you.
You are too injured to fight recklessly!
You are too injured to fight recklessly!
You are too injured to fight recklessly!
You are too injured to fight recklessly!
You are too injured to fight recklessly!
You are too injured to fight recklessly!
You are too injured to fight recklessly!
You are too injured to fight recklessly!
You are too injured to fight recklessly!
You are too injured to fight recklessly!
You are too injured to fight recklessly!
You are too injured to fight recklessly!
You are too injured to fight recklessly!
You are too injured to fight recklessly!
You closely miss the orc priest.
The orc priest is lightly wounded.
The orc closely misses you.
The orc priest hits you with a +0 flail!
* * * LOW HITPOINT WARNING * * *
You hit the orc priest but do no damage.
The orc priest is lightly wounded.
The orc misses you.
The orc priest hits you with a +0 flail.
* * * LOW HITPOINT WARNING * * *
Okay, then.
You hit the orc priest but do no damage.
The orc priest is lightly wounded.
The orc closely misses you.
The orc priest invokes the aid of Beogh against you.
Beogh smites you!
You die...

#### ...# ...# ..
...# .# ...# # o###
...# #.####.(. ...#
#....#..#
...#############@#o.#
...##.........##o#..#
...##.#######.##.o.o#
...##.#.........###.#
#####.#.............#
.# #.#.........#####
.# #.#.........# .#
#.#.........# .#
#.###########


You could see an orc priest and an orc.

Vanquished Creatures
  A gnoll (D:1)
  An adder (D:2)
  2 dart slugs (D:1)
  2 endoplasms (D:1)
  A giant cockroach (D:1)
  2 hobgoblins
  4 jackals (D:1)
  3 kobolds
  A quokka (D:1)
  6 ball pythons
  2 bats (D:1)
  2 frilled lizards
  2 goblins
  4 rats (D:1)
33 creatures vanquished.

Notes
Turn   | Place    | Note
-------+----------+-------------------------------------------
     0 | D:1      | Gabide the Mummy Berserker began the quest for the Orb.
     0 | D:1      | Reached XP level 1. HP: 18/18 MP: 1/1
   489 | D:1      | Reached XP level 2. HP: 24/24 MP: 2/2
  1128 | D:1      | Reached XP level 3. HP: 23/29 MP: 3/3
  2588 | D:2      | Found a faded altar of an unknown god.
  2826 | D:2      | Killed from afar by an orc priest

Illustrated notes

Levels and vault maps discovered:
D:1:      psy_arrival_radial02, layout_loops_corners, kennysheep_pointless_box
D:2:      layout_basic, chequers_ecumenical_altar_twisty, basic_altar

Skill      XL: |  1  2  3 |
---------------+----------+-----
Dodging        | 2 |  2.2
Unarmed Combat | 3 |  3.0
Fighting       | |  3.7
Armour         | |  1.5

Action                   || total
-------------------------++-------
Melee: Unarmed           ||   129
       Punch             ||     1
Throw: Stone             ||    31
       Dart              ||     1
Armor: Animal skin       ||    17
Dodge: Dodged            ||    78
